[ PARTIDA AOE2 · #468563964 ]
UnrankedMalíes vs Byzantines
Equipo del jugador · DERR
[ ANÁLISIS DE REPETICIÓN · EXTRAÍDO DE LA PARTIDA GRABADA ]
Feudal
13:07
Castillos
23:38
Imperial
39:24
| APM promedio | 59.1 |
| APM pico | 103 |
| eAPM promedio | 31.8 |
| Aldeanos / militares | 85 / 148 |
Foco
⚔️ 51.6% · 🌾 48.4%
Archer ×138 · Skirmisher ×6 · Trebuchet (Packed) ×4
Feudal
16:04
Castillos
19:43
Imperial
39:14
| APM promedio | 85.1 |
| APM pico | 150 |
| eAPM promedio | 48.0 |
| Aldeanos / militares | 97 / 86 |
Foco
⚔️ 64.6% · 🌾 35.4%
Camel Scout ×80 · Knight ×3 · Trebuchet (Packed) ×3
Feudal
8:01
Castillos
20:24
Imperial
35:31
| APM promedio | 64.0 |
| APM pico | 116 |
| eAPM promedio | 26.6 |
| Aldeanos / militares | 122 / 142 |
Foco
⚔️ 45.6% · 🌾 54.4%
Spearman ×81 · Battle Elephant ×46 · Scout Cavalry ×7 · Monk ×3 · Karambit Warrior ×3 · Trebuchet (Packed) ×2
Feudal
10:01
Castillos
22:02
Imperial
—
| APM promedio | 57.9 |
| APM pico | 104 |
| eAPM promedio | 32.5 |
| Aldeanos / militares | 141 / 181 |
Foco
⚔️ 46.2% · 🌾 53.8%
Archer ×114 · Genitour ×30 · Skirmisher ×24 · Elephant Archer ×13
Feudal
11:04
Castillos
14:48
Imperial
—
| APM promedio | 52.2 |
| APM pico | 76 |
| eAPM promedio | 28.3 |
| Aldeanos / militares | 161 / 4 |
Foco
⚔️ 37.4% · 🌾 62.6%
Unknown (1911) ×67 · Unknown (1908) ×12 · Iron Pagoda ×3 · Scorpion ×1
Feudal
8:38
Castillos
22:36
Imperial
—
| APM promedio | 76.2 |
| APM pico | 114 |
| eAPM promedio | 33.1 |
| Aldeanos / militares | 91 / 76 |
Foco
⚔️ 61.4% · 🌾 38.6%
Genoese Crossbowman ×44 · Archer ×25 · Mangonel ×4 · Spearman ×3
Feudal
10:05
Castillos
23:02
Imperial
—
| APM promedio | 51.7 |
| APM pico | 87 |
| eAPM promedio | 26.8 |
| Aldeanos / militares | 118 / 170 |
Foco
⚔️ 42.8% · 🌾 57.2%
Camel Scout ×98 · Knight ×38 · Battering Ram ×13 · Scout Cavalry ×13 · Monk ×3 · Mangonel ×3
Feudal
8:53
Castillos
19:18
Imperial
41:23
| APM promedio | 72.7 |
| APM pico | 130 |
| eAPM promedio | 26.0 |
| Aldeanos / militares | 159 / 73 |
Foco
⚔️ 25.5% · 🌾 74.5%
Knight ×56 · Battle Elephant ×9 · Scout Cavalry ×6 · Monk ×1 · Spearman ×1
Mapa de la partida
Recursos iniciales + cada clic de construcción. Líneas = muros · curvas = relieve. ◆ oro · ⬟ piedra · ● bayas · ✦ reliquia · ◌ hueco del cierre
Tu base· ✓ Cerrada en 23:38 · 31t muro · sin puerta
Base de [SotC] Spirit· ✓ Cerrada en 19:43 · 53t muro · 2 puerta(s)
Base de [SotC] Astronomical· ✓ Cerrada en 20:24 · 7t muro · sin puerta
Base de [SotC] Frank Castle· ✓ Cerrada en 22:02 · 0t muro · sin puerta
Base de WhiteForest· Abierta — hueco de 5t
Base de RVN_lorecs· ✓ Cerrada en 22:36 · 21t muro · 1 puerta(s)
Base de [SotC] Klovn· ✓ Cerrada en 23:02 · 14t muro · sin puerta
Base de [SotC] PerezPodrido· ✓ Cerrada en 19:18 · 19t muro · sin puerta
Terreno inicial suavizado · ◌ = hueco del cierre detectado · pasá el cursor para detalles
Inputs por minuto
— [SotC] Gandalf - - [SotC] Spirit
Build order — [SotC] Gandalf
Primeras 150 de 358 acciones detectadas
| 0:02 | Crear | Villager (Male) |
| 0:03 | Crear | Villager (Male) |
| 0:03 | Crear | Villager (Male) |
| 0:05 | Construir | House |
| 0:06 | Construir | House |
| 0:17 | Crear | Villager (Male) |
| 1:27 | Crear | Villager (Male) |
| 1:31 | Investigar | Loom |
| 1:33 | Crear | Villager (Male) |
| 2:10 | Crear | Villager (Male) |
| 2:10 | Crear | Villager (Male) |
| 2:46 | Crear | Villager (Male) |
| 2:55 | Construir | Lumber Camp |
| 3:03 | Crear | Villager (Male) |
| 3:15 | Crear | Villager (Male) |
| 3:57 | Crear | Villager (Male) |
| 4:12 | Crear | Villager (Male) |
| 4:21 | Construir | House |
| 4:22 | Construir | House |
| 4:36 | Crear | Villager (Male) |
| 4:44 | Construir | House |
| 5:04 | Construir | Palisade Wall |
| 5:16 | Construir | Palisade Wall |
| 5:23 | Crear | Villager (Male) |
| 5:36 | Construir | Palisade Wall |
| 5:38 | Construir | Palisade Wall |
| 5:40 | Crear | Villager (Male) |
| 5:43 | Construir | Palisade Wall |
| 5:50 | Crear | Villager (Male) |
| 6:05 | Construir | Palisade Wall |
| 6:28 | Crear | Villager (Male) |
| 6:40 | Construir | House |
| 6:42 | Crear | Villager (Male) |
| 7:18 | Construir | House |
| 7:28 | Crear | Villager (Male) |
| 7:41 | Crear | Villager (Male) |
| 7:51 | Construir | Mill |
| 8:28 | Crear | Villager (Male) |
| 8:32 | Construir | Farm |
| 8:35 | Construir | Farm |
| 8:40 | Crear | Villager (Male) |
| 8:59 | Construir | Farm |
| 9:02 | Crear | Villager (Male) |
| 9:10 | Construir | Farm |
| 9:30 | Crear | Villager (Male) |
| 9:46 | Crear | Villager (Male) |
| 10:13 | Crear | Villager (Male) |
| 10:16 | Construir | House |
| 10:17 | Construir | House |
| 10:36 | Construir | Mill |
| 10:57 | Investigar | Feudal Age |
| 11:08 | Construir | Mining Camp |
| 11:19 | Construir | Palisade Wall |
| 12:15 | Construir | Barracks |
| 12:21 | Construir | House |
| 13:07 | Edad | Edad Feudal |
| 13:10 | Crear | Villager (Male) |
| 13:32 | Construir | Archery Range |
| 13:41 | Construir | Archery Range |
| 13:43 | Crear | Villager (Male) |
| 13:44 | Investigar | Double-Bit Axe |
| 13:45 | Investigar | Horse Collar |
| 13:56 | Crear | Villager (Male) |
| 14:13 | Crear | Villager (Male) |
| 14:25 | Crear | Skirmisher |
| 14:26 | Crear | Skirmisher |
| 14:33 | Crear | Skirmisher |
| 14:46 | Construir | Blacksmith |
| 14:50 | Construir | House |
| 14:54 | Crear | Villager (Male) |
| 14:54 | Crear | Skirmisher |
| 14:55 | Crear | Skirmisher |
| 15:03 | Construir | Farm |
| 15:05 | Crear | Skirmisher |
| 15:05 | Crear | Villager (Male) |
| 15:27 | Crear | Archer |
| 15:28 | Crear | Archer |
| 15:43 | Investigar | Fletching |
| 15:45 | Construir | Farm |
| 15:56 | Construir | House |
| 16:01 | Construir | House |
| 16:02 | Crear | Villager (Male) |
| 16:02 | Crear | Archer |
| 16:02 | Crear | Archer |
| 16:11 | Crear | Archer |
| 16:22 | Crear | Villager (Male) |
| 16:23 | Crear | Archer |
| 16:25 | Investigar | Padded Archer Armor |
| 16:34 | Construir | Farm |
| 16:35 | Construir | Farm |
| 16:36 | Crear | Villager (Male) |
| 16:39 | Crear | Archer |
| 16:52 | Crear | Villager (Male) |
| 16:56 | Construir | Farm |
| 17:06 | Construir | Farm |
| 17:11 | Crear | Archer |
| 17:18 | Crear | Villager (Male) |
| 17:26 | Construir | House |
| 17:27 | Construir | House |
| 17:32 | Construir | Farm |
| 17:38 | Crear | Villager (Male) |
| 17:38 | Crear | Archer |
| 17:50 | Crear | Archer |
| 17:55 | Construir | Farm |
| 18:05 | Construir | Farm |
| 18:23 | Crear | Villager (Male) |
| 18:23 | Crear | Archer |
| 18:44 | Construir | Farm |
| 18:46 | Investigar | Wheelbarrow |
| 18:48 | Construir | Farm |
| 18:48 | Construir | Farm |
| 18:58 | Crear | Archer |
| 18:58 | Crear | Archer |
| 19:15 | Crear | Archer |
| 19:27 | Construir | Farm |
| 19:28 | Construir | Farm |
| 19:29 | Crear | Villager (Male) |
| 19:34 | Construir | House |
| 19:35 | Construir | House |
| 19:46 | Construir | Farm |
| 19:58 | Crear | Archer |
| 19:58 | Crear | Archer |
| 19:59 | Crear | Archer |
| 20:18 | Crear | Villager (Male) |
| 20:36 | Crear | Archer |
| 20:36 | Crear | Archer |
| 20:40 | Construir | Farm |
| 20:48 | Construir | House |
| 20:49 | Construir | House |
| 20:57 | Construir | Mining Camp |
| 20:58 | Investigar | Castle Age |
| 21:05 | Crear | Archer |
| 21:05 | Crear | Archer |
| 21:08 | Crear | Archer |
| 21:09 | Crear | Archer |
| 21:20 | Investigar | Gold Mining |
| 21:21 | Investigar | Gold Mining |
| 21:43 | Investigar | Stone Mining |
| 21:54 | Crear | Archer |
| 22:32 | Construir | Gate |
| 22:35 | Construir | Stone Wall |
| 22:36 | Construir | Stone Wall |
| 22:37 | Crear | Archer |
| 22:37 | Crear | Archer |
| 22:57 | Crear | Archer |
| 23:02 | Investigar | Town Watch |
| 23:03 | Crear | Archer |
| 23:11 | Construir | Archery Range |
| 23:38 | Edad | Edad de los Castillos |
| 23:40 | Investigar | Crossbowman (upgrade) |
Build order — [SotC] Spirit
Primeras 150 de 334 acciones detectadas
| 0:00 | Crear | Villager (Male) |
| 0:01 | Crear | Villager (Male) |
| 0:01 | Crear | Villager (Male) |
| 0:02 | Construir | House |
| 0:03 | Construir | House |
| 0:08 | Investigar | Loom |
| 0:08 | Crear | Villager (Male) |
| 0:09 | Crear | Villager (Male) |
| 0:09 | Crear | Villager (Male) |
| 0:09 | Crear | Villager (Male) |
| 1:36 | Crear | Villager (Male) |
| 1:36 | Crear | Villager (Male) |
| 2:16 | Crear | Villager (Male) |
| 2:21 | Crear | Villager (Male) |
| 2:21 | Crear | Villager (Male) |
| 2:54 | Construir | Lumber Camp |
| 3:29 | Crear | Villager (Male) |
| 3:55 | Crear | Villager (Male) |
| 4:07 | Construir | House |
| 4:16 | Construir | Mill |
| 4:33 | Crear | Villager (Male) |
| 5:12 | Crear | Villager (Male) |
| 5:12 | Crear | Villager (Male) |
| 5:14 | Construir | House |
| 5:46 | Crear | Villager (Male) |
| 5:59 | Crear | Villager (Male) |
| 6:06 | Construir | Palisade Wall |
| 6:15 | Construir | Palisade Wall |
| 6:19 | Construir | Palisade Wall |
| 6:20 | Construir | Palisade Wall |
| 6:20 | Construir | Palisade Wall |
| 6:20 | Construir | Palisade Wall |
| 6:21 | Construir | Palisade Wall |
| 6:21 | Construir | Palisade Wall |
| 6:21 | Construir | Palisade Wall |
| 6:21 | Construir | Palisade Wall |
| 6:22 | Construir | Palisade Wall |
| 6:23 | Crear | Villager (Male) |
| 6:42 | Crear | Villager (Male) |
| 6:49 | Construir | Palisade Wall |
| 7:08 | Crear | Villager (Male) |
| 7:17 | Construir | House |
| 7:28 | Crear | Villager (Male) |
| 7:37 | Construir | Palisade Wall |
| 7:38 | Construir | Palisade Wall |
| 8:05 | Crear | Villager (Male) |
| 8:31 | Construir | Mill |
| 8:37 | Crear | Villager (Male) |
| 8:48 | Crear | Villager (Male) |
| 9:00 | Construir | House |
| 9:00 | Construir | House |
| 9:08 | Construir | Palisade Wall |
| 9:19 | Construir | Palisade Wall |
| 9:29 | Crear | Villager (Male) |
| 9:47 | Crear | Villager (Male) |
| 10:09 | Construir | Farm |
| 10:17 | Construir | Farm |
| 10:19 | Crear | Villager (Male) |
| 10:35 | Crear | Villager (Male) |
| 11:00 | Construir | Farm |
| 11:06 | Crear | Villager (Male) |
| 11:26 | Construir | Farm |
| 11:28 | Crear | Villager (Male) |
| 11:31 | Construir | Farm |
| 11:53 | Crear | Villager (Male) |
| 12:04 | Construir | Farm |
| 12:11 | Construir | Farm |
| 12:22 | Crear | Villager (Male) |
| 12:31 | Construir | Palisade Wall |
| 12:43 | Construir | Farm |
| 12:44 | Construir | Farm |
| 12:44 | Crear | Villager (Male) |
| 12:49 | Construir | Palisade Wall |
| 12:55 | Construir | Palisade Wall |
| 13:21 | Crear | Villager (Male) |
| 13:23 | Construir | Farm |
| 13:24 | Construir | Farm |
| 13:32 | Construir | Palisade Wall |
| 13:36 | Construir | Palisade Wall |
| 13:54 | Investigar | Feudal Age |
| 13:57 | Construir | Mining Camp |
| 14:07 | Construir | Palisade Gate |
| 14:09 | Construir | Palisade Wall |
| 14:21 | Construir | Farm |
| 15:02 | Crear | Villager (Male) |
| 15:04 | Construir | House |
| 15:06 | Construir | House |
| 15:06 | Construir | House |
| 16:04 | Edad | Edad Feudal |
| 16:10 | Construir | Market |
| 16:14 | Construir | Blacksmith |
| 16:36 | Construir | Palisade Gate |
| 16:41 | Construir | Palisade Gate |
| 16:44 | Construir | House |
| 17:03 | Investigar | Castle Age |
| 17:03 | Investigar | Castle Age |
| 17:19 | Construir | House |
| 17:21 | Construir | House |
| 17:24 | Construir | Palisade Wall |
| 17:27 | Construir | Palisade Wall |
| 17:37 | Investigar | Double-Bit Axe |
| 17:48 | Construir | Palisade Wall |
| 17:50 | Construir | Palisade Wall |
| 17:51 | Construir | Palisade Wall |
| 17:58 | Construir | Palisade Wall |
| 18:27 | Construir | Barracks |
| 18:46 | Crear | Villager (Male) |
| 18:55 | Investigar | Scale Barding Armor |
| 19:09 | Construir | Stable |
| 19:43 | Edad | Edad de los Castillos |
| 19:46 | Construir | Stable |
| 19:49 | Crear | Villager (Male) |
| 19:52 | Investigar | Chain Barding Armor |
| 19:52 | Investigar | Chain Barding Armor |
| 20:06 | Investigar | Horse Collar |
| 20:14 | Crear | Camel Scout |
| 20:25 | Crear | Camel Scout |
| 20:27 | Crear | Villager (Male) |
| 20:31 | Construir | Farm |
| 20:31 | Construir | Farm |
| 20:35 | Crear | Villager (Male) |
| 20:37 | Construir | Farm |
| 20:42 | Construir | Palisade Wall |
| 20:54 | Crear | Camel Scout |
| 20:59 | Crear | Villager (Male) |
| 21:01 | Construir | Farm |
| 21:23 | Construir | Farm |
| 21:34 | Crear | Camel Scout |
| 21:34 | Crear | Camel Scout |
| 21:35 | Crear | Villager (Male) |
| 21:37 | Construir | Farm |
| 21:38 | Construir | Farm |
| 22:01 | Crear | Camel Scout |
| 22:01 | Crear | Camel Scout |
| 22:05 | Construir | Farm |
| 22:07 | Crear | Villager (Male) |
| 22:19 | Crear | Camel Scout |
| 22:20 | Crear | Camel Scout |
| 22:46 | Crear | Camel Scout |
| 22:48 | Crear | Villager (Male) |
| 22:54 | Construir | Farm |
| 23:00 | Crear | Camel Scout |
| 23:18 | Crear | Villager (Male) |
| 23:27 | Crear | Villager (Male) |
| 23:32 | Crear | Camel Scout |
| 23:32 | Crear | Camel Scout |
| 23:46 | Crear | Villager (Male) |
| 23:47 | Construir | Farm |
| 23:48 | Construir | Farm |
| 23:49 | Construir | Farm |
Build order — [SotC] Astronomical
Primeras 150 de 419 acciones detectadas
| 0:00 | Crear | Villager (Male) |
| 0:01 | Crear | Villager (Male) |
| 0:01 | Crear | Villager (Male) |
| 0:01 | Crear | Villager (Male) |
| 0:02 | Crear | Villager (Male) |
| 0:02 | Construir | House |
| 0:03 | Construir | House |
| 1:43 | Crear | Villager (Male) |
| 1:43 | Crear | Villager (Male) |
| 1:51 | Construir | Lumber Camp |
| 2:03 | Crear | Villager (Male) |
| 2:20 | Crear | Villager (Male) |
| 2:21 | Crear | Villager (Male) |
| 2:55 | Crear | Villager (Male) |
| 2:55 | Crear | Villager (Male) |
| 3:37 | Crear | Villager (Male) |
| 3:51 | Construir | House |
| 3:56 | Crear | Villager (Male) |
| 4:20 | Construir | Mill |
| 4:25 | Crear | Villager (Male) |
| 4:46 | Crear | Villager (Male) |
| 5:09 | Crear | Villager (Male) |
| 5:14 | Crear | Villager (Male) |
| 5:15 | Investigar | Loom |
| 6:34 | Investigar | Feudal Age |
| 7:03 | Construir | Barracks |
| 8:01 | Edad | Edad Feudal |
| 8:06 | Construir | Stable |
| 8:10 | Crear | Villager (Male) |
| 8:31 | Construir | House |
| 8:35 | Investigar | Double-Bit Axe |
| 8:37 | Crear | Villager (Male) |
| 8:49 | Crear | Scout Cavalry |
| 8:51 | Construir | House |
| 8:53 | Construir | Palisade Wall |
| 9:06 | Crear | Villager (Male) |
| 9:35 | Crear | Villager (Male) |
| 9:35 | Crear | Scout Cavalry |
| 9:44 | Construir | House |
| 10:03 | Crear | Villager (Male) |
| 10:25 | Crear | Scout Cavalry |
| 10:32 | Construir | Farm |
| 10:33 | Construir | Farm |
| 10:34 | Construir | Farm |
| 10:35 | Construir | Farm |
| 10:35 | Construir | Farm |
| 10:37 | Crear | Villager (Male) |
| 10:51 | Construir | Farm |
| 10:57 | Crear | Villager (Male) |
| 11:31 | Crear | Villager (Male) |
| 11:33 | Construir | Farm |
| 11:34 | Construir | Farm |
| 11:37 | Crear | Villager (Male) |
| 11:58 | Crear | Villager (Male) |
| 12:01 | Construir | Farm |
| 12:30 | Construir | Farm |
| 12:31 | Crear | Villager (Male) |
| 12:42 | Crear | Villager (Male) |
| 12:54 | Crear | Scout Cavalry |
| 12:54 | Crear | Scout Cavalry |
| 12:57 | Construir | Mining Camp |
| 13:01 | Construir | Mining Camp |
| 13:12 | Crear | Spearman |
| 13:15 | Construir | House |
| 13:37 | Crear | Villager (Male) |
| 13:48 | Crear | Villager (Male) |
| 13:53 | Construir | Blacksmith |
| 13:57 | Crear | Scout Cavalry |
| 14:00 | Crear | Villager (Male) |
| 14:17 | Construir | Market |
| 14:24 | Crear | Villager (Male) |
| 14:37 | Crear | Scout Cavalry |
| 14:44 | Crear | Villager (Male) |
| 14:55 | Construir | House |
| 15:00 | Construir | Farm |
| 15:10 | Investigar | Scale Barding Armor |
| 15:13 | Investigar | Wheelbarrow |
| 15:33 | Construir | Farm |
| 15:50 | Construir | Watch Tower |
| 15:59 | Construir | House |
| 16:01 | Construir | House |
| 16:54 | Crear | Villager (Male) |
| 17:04 | Construir | Farm |
| 17:04 | Construir | Farm |
| 17:11 | Construir | Farm |
| 17:14 | Construir | Farm |
| 17:16 | Crear | Villager (Male) |
| 17:30 | Construir | Farm |
| 17:33 | Construir | Farm |
| 17:34 | Investigar | Horse Collar |
| 17:36 | Construir | Farm |
| 17:44 | Crear | Villager (Male) |
| 18:17 | Crear | Villager (Male) |
| 18:33 | Construir | Mining Camp |
| 18:48 | Investigar | Castle Age |
| 18:49 | Investigar | Castle Age |
| 19:08 | Construir | House |
| 19:10 | Construir | House |
| 19:11 | Construir | House |
| 19:13 | Construir | House |
| 19:15 | Construir | House |
| 19:21 | Construir | Farm |
| 19:54 | Investigar | Forging |
| 20:24 | Edad | Edad de los Castillos |
| 20:26 | Investigar | Husbandry |
| 20:31 | Crear | Villager (Male) |
| 20:32 | Construir | Farm |
| 20:47 | Construir | Farm |
| 20:49 | Crear | Villager (Male) |
| 20:52 | Investigar | Iron Casting |
| 20:55 | Crear | Battle Elephant |
| 21:13 | Construir | Stable |
| 21:20 | Construir | Farm |
| 21:24 | Crear | Villager (Male) |
| 21:27 | Construir | Farm |
| 21:35 | Crear | Battle Elephant |
| 21:44 | Construir | Farm |
| 21:47 | Crear | Villager (Male) |
| 21:52 | Crear | Battle Elephant |
| 21:55 | Construir | Farm |
| 22:10 | Crear | Battle Elephant |
| 22:10 | Crear | Battle Elephant |
| 22:12 | Crear | Villager (Male) |
| 22:13 | Construir | Farm |
| 22:15 | Construir | Farm |
| 22:32 | Construir | Farm |
| 22:33 | Crear | Villager (Male) |
| 22:43 | Crear | Battle Elephant |
| 22:48 | Construir | Farm |
| 22:51 | Construir | House |
| 22:53 | Crear | Villager (Male) |
| 23:04 | Construir | Farm |
| 23:11 | Crear | Battle Elephant |
| 23:15 | Construir | House |
| 23:23 | Crear | Battle Elephant |
| 23:25 | Crear | Battle Elephant |
| 23:39 | Crear | Villager (Male) |
| 23:39 | Crear | Villager (Male) |
| 23:39 | Crear | Villager (Male) |
| 23:46 | Construir | Farm |
| 23:47 | Construir | Farm |
| 24:04 | Construir | Monastery |
| 24:05 | Crear | Battle Elephant |
| 24:07 | Crear | Battle Elephant |
| 24:07 | Crear | Battle Elephant |
| 24:15 | Crear | Villager (Male) |
| 24:25 | Construir | Lumber Camp |
| 24:38 | Crear | Battle Elephant |
| 24:38 | Crear | Battle Elephant |
| 24:39 | Crear | Battle Elephant |
Build order — [SotC] Frank Castle
Primeras 150 de 494 acciones detectadas
| 0:02 | Crear | Villager (Male) |
| 0:03 | Construir | House |
| 0:06 | Construir | House |
| 0:16 | Crear | Villager (Male) |
| 0:28 | Crear | Villager (Male) |
| 0:33 | Crear | Villager (Male) |
| 0:33 | Crear | Villager (Male) |
| 1:26 | Crear | Villager (Male) |
| 1:26 | Crear | Villager (Male) |
| 2:02 | Crear | Villager (Male) |
| 2:03 | Crear | Villager (Male) |
| 2:20 | Crear | Villager (Male) |
| 2:34 | Crear | Villager (Male) |
| 2:37 | Construir | Lumber Camp |
| 2:50 | Crear | Villager (Male) |
| 2:50 | Crear | Villager (Male) |
| 3:11 | Crear | Villager (Male) |
| 3:36 | Crear | Villager (Male) |
| 3:58 | Crear | Villager (Male) |
| 4:00 | Construir | House |
| 4:24 | Crear | Villager (Male) |
| 4:41 | Crear | Villager (Male) |
| 4:51 | Crear | Villager (Male) |
| 4:52 | Crear | Villager (Male) |
| 4:53 | Construir | Mill |
| 5:44 | Investigar | Loom |
| 6:24 | Construir | Mill |
| 6:29 | Construir | House |
| 6:35 | Crear | Villager (Male) |
| 7:00 | Crear | Villager (Male) |
| 7:14 | Construir | Mining Camp |
| 7:51 | Investigar | Feudal Age |
| 8:30 | Construir | Barracks |
| 9:11 | Crear | Villager (Male) |
| 9:57 | Crear | Villager (Male) |
| 10:01 | Edad | Edad Feudal |
| 10:03 | Construir | Archery Range |
| 10:05 | Construir | Archery Range |
| 10:14 | Construir | House |
| 10:21 | Construir | Blacksmith |
| 10:23 | Crear | Villager (Male) |
| 10:45 | Construir | House |
| 10:47 | Construir | House |
| 10:48 | Construir | House |
| 10:56 | Crear | Villager (Male) |
| 10:57 | Crear | Archer |
| 10:57 | Crear | Archer |
| 11:00 | Crear | Archer |
| 11:04 | Crear | Archer |
| 11:16 | Crear | Villager (Male) |
| 11:20 | Crear | Villager (Male) |
| 11:27 | Crear | Villager (Male) |
| 11:39 | Crear | Archer |
| 11:50 | Crear | Villager (Male) |
| 12:00 | Crear | Villager (Male) |
| 12:06 | Crear | Archer |
| 12:33 | Investigar | Fletching |
| 12:33 | Investigar | Fletching |
| 12:37 | Crear | Villager (Male) |
| 12:42 | Crear | Villager (Male) |
| 13:03 | Construir | House |
| 13:04 | Construir | House |
| 13:05 | Crear | Archer |
| 13:05 | Crear | Archer |
| 13:10 | Crear | Villager (Male) |
| 13:13 | Construir | Farm |
| 13:14 | Construir | Farm |
| 13:15 | Construir | Farm |
| 13:16 | Construir | Farm |
| 13:27 | Investigar | Padded Archer Armor |
| 13:28 | Investigar | Padded Archer Armor |
| 13:29 | Crear | Archer |
| 13:29 | Crear | Archer |
| 13:34 | Crear | Archer |
| 13:35 | Construir | Farm |
| 13:49 | Crear | Villager (Male) |
| 13:53 | Construir | Farm |
| 14:08 | Construir | House |
| 14:16 | Construir | House |
| 14:18 | Construir | House |
| 14:21 | Crear | Archer |
| 14:31 | Crear | Villager (Male) |
| 14:33 | Construir | Farm |
| 14:38 | Crear | Archer |
| 14:44 | Crear | Archer |
| 14:45 | Crear | Archer |
| 14:51 | Crear | Archer |
| 14:51 | Crear | Archer |
| 14:54 | Crear | Villager (Male) |
| 14:54 | Crear | Archer |
| 14:54 | Crear | Archer |
| 15:04 | Crear | Villager (Male) |
| 15:05 | Crear | Villager (Male) |
| 15:11 | Construir | Farm |
| 15:30 | Construir | Farm |
| 15:36 | Crear | Archer |
| 15:37 | Crear | Villager (Male) |
| 15:45 | Crear | Archer |
| 16:01 | Crear | Villager (Male) |
| 16:03 | Construir | Farm |
| 16:09 | Crear | Archer |
| 16:27 | Crear | Archer |
| 16:31 | Crear | Archer |
| 16:36 | Crear | Villager (Male) |
| 16:37 | Crear | Villager (Male) |
| 16:47 | Construir | Farm |
| 16:59 | Construir | Farm |
| 17:08 | Construir | Farm |
| 17:18 | Crear | Archer |
| 17:19 | Crear | Archer |
| 17:24 | Crear | Villager (Male) |
| 17:42 | Construir | Farm |
| 17:49 | Construir | Farm |
| 18:07 | Crear | Villager (Male) |
| 18:16 | Construir | Farm |
| 18:20 | Crear | Villager (Male) |
| 18:29 | Construir | Farm |
| 18:37 | Crear | Archer |
| 18:38 | Crear | Archer |
| 19:22 | Investigar | Castle Age |
| 19:23 | Construir | Mining Camp |
| 19:26 | Construir | Mining Camp |
| 19:29 | Crear | Archer |
| 19:29 | Crear | Archer |
| 19:31 | Crear | Archer |
| 19:41 | Crear | Archer |
| 19:42 | Crear | Archer |
| 19:55 | Crear | Archer |
| 19:58 | Crear | Archer |
| 19:58 | Crear | Archer |
| 20:06 | Investigar | Double-Bit Axe |
| 20:06 | Investigar | Double-Bit Axe |
| 20:08 | Crear | Archer |
| 20:13 | Investigar | Horse Collar |
| 20:14 | Investigar | Horse Collar |
| 20:16 | Crear | Villager (Male) |
| 20:23 | Construir | House |
| 20:25 | Construir | House |
| 20:55 | Construir | Lumber Camp |
| 21:11 | Crear | Archer |
| 21:18 | Crear | Archer |
| 21:26 | Crear | Archer |
| 21:44 | Crear | Archer |
| 21:52 | Construir | Archery Range |
| 22:02 | Edad | Edad de los Castillos |
| 22:03 | Investigar | Crossbowman (upgrade) |
| 22:03 | Investigar | Bodkin Arrow |
| 22:04 | Investigar | Bodkin Arrow |
| 22:06 | Construir | University |
| 22:13 | Investigar | Bow Saw |
Build order — WhiteForest
Primeras 150 de 342 acciones detectadas
| 0:01 | Crear | Villager (Male) ×4 |
| 0:02 | Construir | House |
| 0:04 | Construir | House |
| 1:31 | Crear | Villager (Male) |
| 1:31 | Crear | Villager (Male) |
| 1:57 | Crear | Villager (Male) |
| 1:57 | Crear | Villager (Male) |
| 2:17 | Construir | Lumber Camp |
| 2:31 | Crear | Villager (Male) |
| 2:31 | Crear | Villager (Male) |
| 3:00 | Crear | Villager (Male) |
| 3:00 | Crear | Villager (Male) |
| 3:28 | Crear | Villager (Male) |
| 3:31 | Construir | House |
| 3:32 | Construir | House |
| 3:47 | Crear | Villager (Male) |
| 4:14 | Crear | Villager (Male) |
| 4:39 | Construir | Mill |
| 4:42 | Crear | Villager (Male) |
| 5:02 | Crear | Villager (Male) |
| 5:06 | Crear | Villager (Male) |
| 5:38 | Crear | Villager (Male) |
| 6:07 | Crear | Villager (Male) |
| 6:09 | Crear | Villager (Male) |
| 6:42 | Crear | Villager (Male) |
| 7:13 | Crear | Villager (Male) |
| 7:16 | Construir | Palisade Wall |
| 7:19 | Construir | Palisade Wall |
| 7:21 | Construir | Palisade Wall |
| 7:39 | Crear | Villager (Male) |
| 7:44 | Crear | Villager (Male) |
| 7:56 | Construir | Mining Camp |
| 8:00 | Investigar | Loom |
| 8:51 | Construir | Palisade Wall |
| 8:51 | Construir | Palisade Wall |
| 8:54 | Investigar | Feudal Age |
| 9:28 | Construir | Palisade Wall |
| 9:33 | Construir | House |
| 10:14 | Crear | Villager (Male) |
| 10:14 | Crear | Villager (Male) |
| 11:04 | Edad | Edad Feudal |
| 11:06 | Construir | Market |
| 11:09 | Construir | Blacksmith |
| 12:08 | Investigar | Castle Age |
| 12:08 | Investigar | Castle Age |
| 12:48 | Investigar | Horse Collar |
| 13:15 | Construir | Farm |
| 13:15 | Construir | Farm |
| 13:16 | Construir | Farm |
| 13:23 | Investigar | Double-Bit Axe |
| 13:23 | Investigar | Double-Bit Axe |
| 13:53 | Construir | Farm |
| 14:29 | Construir | House |
| 14:40 | Construir | Palisade Wall |
| 14:48 | Edad | Edad de los Castillos |
| 14:50 | Construir | Siege Workshop |
| 15:02 | Crear | Villager (Male) |
| 15:13 | Crear | Scorpion |
| 15:27 | Construir | Farm |
| 15:28 | Construir | Farm |
| 16:12 | Crear | Iron Pagoda |
| 16:39 | Construir | Castle |
| 16:44 | Investigar | Town Watch |
| 17:28 | Crear | Villager (Male) |
| 17:48 | Crear | Unit 1908 |
| 17:53 | Construir | Farm |
| 17:53 | Construir | Farm |
| 18:30 | Crear | Villager (Male) |
| 18:31 | Crear | Villager (Male) |
| 18:32 | Construir | Farm |
| 18:41 | Crear | Unit 1908 |
| 19:04 | Crear | Unit 1908 |
| 19:07 | Construir | Farm |
| 19:29 | Crear | Villager (Male) |
| 19:29 | Crear | Villager (Male) |
| 19:48 | Crear | Villager (Male) |
| 19:48 | Crear | Villager (Male) |
| 20:00 | Crear | Unit 1908 |
| 20:03 | Construir | Farm |
| 20:13 | Crear | Villager (Male) |
| 20:13 | Crear | Villager (Male) |
| 20:27 | Crear | Villager (Male) |
| 21:01 | Crear | Unit 1908 |
| 21:14 | Crear | Villager (Male) |
| 21:14 | Crear | Villager (Male) |
| 21:16 | Construir | Farm |
| 21:17 | Construir | Farm |
| 21:31 | Crear | Villager (Male) |
| 21:46 | Crear | Villager (Male) |
| 21:46 | Crear | Villager (Male) |
| 21:54 | Construir | Town Center |
| 22:09 | Crear | Villager (Male) |
| 22:20 | Crear | Unit 1908 |
| 22:33 | Crear | Villager (Male) |
| 22:34 | Crear | Unit 1908 |
| 23:03 | Crear | Unit 1908 |
| 23:12 | Crear | Villager (Male) |
| 23:18 | Construir | Farm |
| 23:19 | Construir | Farm |
| 23:21 | Construir | Farm |
| 23:22 | Crear | Villager (Male) |
| 23:32 | Crear | Iron Pagoda |
| 23:33 | Crear | Iron Pagoda |
| 23:35 | Crear | Villager (Male) |
| 23:35 | Crear | Villager (Male) |
| 23:58 | Crear | Villager (Male) |
| 23:59 | Crear | Villager (Male) |
| 24:00 | Crear | Villager (Male) |
| 24:00 | Crear | Villager (Male) |
| 24:20 | Crear | Villager (Male) |
| 24:20 | Crear | Villager (Male) |
| 24:24 | Construir | Barracks |
| 24:31 | Crear | Villager (Male) |
| 24:31 | Crear | Villager (Male) |
| 24:34 | Crear | Villager (Male) |
| 24:34 | Crear | Villager (Male) |
| 24:36 | Construir | Farm |
| 24:45 | Crear | Villager (Male) |
| 24:45 | Crear | Villager (Male) |
| 24:59 | Crear | Villager (Male) |
| 25:01 | Construir | Farm |
| 25:02 | Construir | Farm |
| 25:15 | Crear | Villager (Male) |
| 25:15 | Crear | Villager (Male) |
| 25:30 | Construir | Archery Range |
| 25:34 | Investigar | Padded Archer Armor |
| 25:34 | Investigar | Padded Archer Armor |
| 25:42 | Crear | Villager (Male) |
| 25:42 | Crear | Villager (Male) |
| 25:45 | Construir | Farm |
| 26:04 | Construir | House |
| 26:05 | Construir | House |
| 26:11 | Construir | Archery Range |
| 26:13 | Construir | House |
| 26:13 | Crear | Unit 1911 |
| 26:25 | Crear | Villager (Male) |
| 26:26 | Crear | Villager (Male) |
| 26:35 | Crear | Villager (Male) |
| 26:38 | Construir | Farm |
| 26:39 | Construir | Farm |
| 26:48 | Investigar | Fletching |
| 26:48 | Investigar | Fletching |
| 26:50 | Crear | Unit 1911 |
| 26:52 | Crear | Unit 1911 |
| 26:52 | Crear | Unit 1911 |
| 27:04 | Crear | Unit 1911 |
| 27:05 | Crear | Unit 1911 |
| 27:06 | Crear | Villager (Male) |
| 27:06 | Crear | Villager (Male) |
| 27:19 | Crear | Villager (Male) |
Build order — RVN_lorecs
Primeras 150 de 263 acciones detectadas
| 0:02 | Crear | Villager (Male) |
| 0:02 | Crear | Villager (Male) |
| 0:02 | Crear | Villager (Male) |
| 0:02 | Crear | Villager (Male) |
| 0:02 | Crear | Villager (Male) |
| 0:03 | Construir | House |
| 0:04 | Construir | House |
| 1:38 | Crear | Villager (Male) |
| 1:39 | Crear | Villager (Male) |
| 1:39 | Crear | Villager (Male) |
| 2:08 | Crear | Villager (Male) |
| 2:08 | Crear | Villager (Male) |
| 2:08 | Crear | Villager (Male) |
| 2:30 | Construir | Lumber Camp |
| 2:57 | Crear | Villager (Male) |
| 3:22 | Crear | Villager (Male) |
| 3:50 | Crear | Villager (Male) |
| 3:52 | Construir | House |
| 4:08 | Crear | Villager (Male) |
| 4:26 | Construir | House |
| 4:42 | Crear | Villager (Male) |
| 5:07 | Crear | Villager (Male) |
| 5:31 | Crear | Villager (Male) |
| 5:52 | Crear | Villager (Male) |
| 5:56 | Investigar | Loom |
| 6:00 | Construir | Mining Camp |
| 6:28 | Investigar | Feudal Age |
| 6:29 | Investigar | Feudal Age |
| 6:29 | Investigar | Feudal Age |
| 7:51 | Construir | Barracks |
| 8:37 | Crear | Villager (Male) |
| 8:38 | Edad | Edad Feudal |
| 8:41 | Construir | Archery Range |
| 8:43 | Construir | Archery Range |
| 9:05 | Crear | Villager (Male) |
| 9:27 | Crear | Villager (Male) |
| 9:33 | Construir | House |
| 9:34 | Crear | Villager (Male) |
| 9:38 | Crear | Archer |
| 9:38 | Crear | Archer |
| 9:59 | Construir | Mill |
| 10:01 | Construir | House |
| 10:03 | Construir | Palisade Wall |
| 10:07 | Crear | Archer |
| 10:07 | Crear | Archer |
| 10:08 | Crear | Villager (Male) |
| 10:26 | Crear | Archer |
| 10:27 | Crear | Villager (Male) |
| 10:48 | Crear | Villager (Male) |
| 10:54 | Construir | Palisade Wall |
| 11:04 | Construir | Blacksmith |
| 11:17 | Crear | Spearman |
| 11:34 | Crear | Archer |
| 11:34 | Crear | Archer |
| 11:54 | Crear | Villager (Male) |
| 11:59 | Construir | House |
| 12:36 | Crear | Villager (Male) |
| 12:57 | Construir | Farm |
| 13:03 | Construir | Farm |
| 13:04 | Crear | Villager (Male) |
| 13:04 | Crear | Villager (Male) |
| 13:04 | Crear | Villager (Male) |
| 13:09 | Construir | Palisade Wall |
| 13:18 | Investigar | Fletching |
| 13:19 | Investigar | Fletching |
| 13:24 | Crear | Archer |
| 13:24 | Crear | Archer |
| 13:53 | Crear | Villager (Male) |
| 13:53 | Crear | Villager (Male) |
| 13:56 | Construir | Farm |
| 14:03 | Crear | Archer |
| 14:03 | Crear | Archer |
| 14:19 | Crear | Villager (Male) |
| 14:20 | Construir | Farm |
| 14:45 | Crear | Archer |
| 14:45 | Crear | Archer |
| 14:46 | Crear | Villager (Male) |
| 15:12 | Crear | Villager (Male) |
| 15:20 | Construir | House |
| 15:22 | Construir | Farm |
| 15:27 | Crear | Archer |
| 15:27 | Crear | Archer |
| 15:38 | Crear | Villager (Male) |
| 15:41 | Construir | Palisade Gate |
| 16:07 | Crear | Villager (Male) |
| 16:10 | Crear | Archer |
| 16:10 | Crear | Archer |
| 16:23 | Construir | Farm |
| 16:27 | Construir | Farm |
| 16:31 | Crear | Archer |
| 16:31 | Crear | Archer |
| 16:32 | Crear | Villager (Male) |
| 16:50 | Crear | Archer |
| 16:50 | Crear | Archer |
| 16:52 | Construir | Farm |
| 17:15 | Crear | Villager (Male) |
| 17:36 | Construir | Farm |
| 17:37 | Construir | Farm |
| 17:56 | Construir | House |
| 17:59 | Crear | Villager (Male) |
| 18:22 | Construir | House |
| 18:24 | Construir | House |
| 18:27 | Construir | House |
| 18:37 | Construir | House |
| 18:38 | Construir | Palisade Wall |
| 18:38 | Crear | Villager (Male) |
| 18:46 | Construir | Mining Camp |
| 18:54 | Crear | Archer |
| 18:54 | Crear | Archer |
| 19:10 | Crear | Archer |
| 19:10 | Crear | Archer |
| 19:30 | Construir | House |
| 19:52 | Construir | Stone Wall |
| 19:56 | Investigar | Castle Age |
| 19:56 | Investigar | Castle Age |
| 20:02 | Construir | House |
| 20:03 | Construir | House |
| 20:14 | Construir | House |
| 20:29 | Crear | Spearman |
| 20:29 | Crear | Spearman |
| 20:48 | Construir | House |
| 20:49 | Construir | House |
| 22:05 | Construir | Archery Range |
| 22:07 | Investigar | Double-Bit Axe |
| 22:08 | Investigar | Double-Bit Axe |
| 22:36 | Edad | Edad de los Castillos |
| 22:39 | Construir | House |
| 22:43 | Construir | Gate |
| 23:01 | Crear | Villager (Male) |
| 23:31 | Construir | Castle |
| 23:40 | Crear | Villager (Male) |
| 24:12 | Construir | Market |
| 25:01 | Investigar | Bodkin Arrow |
| 25:01 | Investigar | Bodkin Arrow |
| 25:01 | Investigar | Bodkin Arrow |
| 25:09 | Crear | Genoese Crossbowman |
| 25:27 | Crear | Genoese Crossbowman |
| 25:33 | Construir | Blacksmith |
| 25:41 | Crear | Genoese Crossbowman |
| 25:47 | Crear | Villager (Male) |
| 25:48 | Crear | Villager (Male) |
| 26:02 | Crear | Genoese Crossbowman |
| 26:13 | Crear | Genoese Crossbowman |
| 26:17 | Investigar | Bodkin Arrow |
| 26:18 | Investigar | Bodkin Arrow |
| 26:36 | Crear | Genoese Crossbowman |
| 26:58 | Crear | Genoese Crossbowman |
| 27:01 | Crear | Villager (Male) |
| 27:12 | Crear | Genoese Crossbowman |
| 27:24 | Construir | Siege Workshop |
Build order — [SotC] Klovn
Primeras 150 de 377 acciones detectadas
| 0:00 | Crear | Villager (Male) |
| 0:00 | Crear | Villager (Male) |
| 0:01 | Crear | Villager (Male) |
| 0:01 | Crear | Villager (Male) |
| 0:01 | Crear | Villager (Male) |
| 0:02 | Construir | House |
| 0:03 | Construir | House |
| 1:30 | Crear | Villager (Male) |
| 2:00 | Crear | Villager (Male) |
| 2:01 | Crear | Villager (Male) |
| 2:19 | Crear | Villager (Male) |
| 2:19 | Crear | Villager (Male) |
| 2:42 | Crear | Villager (Male) |
| 3:13 | Crear | Villager (Male) |
| 3:13 | Crear | Villager (Male) |
| 3:13 | Crear | Villager (Male) |
| 3:14 | Crear | Villager (Male) |
| 3:23 | Construir | Lumber Camp |
| 4:01 | Crear | Villager (Male) |
| 4:01 | Crear | Villager (Male) |
| 4:17 | Construir | House |
| 4:18 | Construir | House |
| 4:21 | Crear | Villager (Male) |
| 4:45 | Crear | Villager (Male) |
| 4:45 | Crear | Villager (Male) |
| 5:12 | Crear | Villager (Male) |
| 5:26 | Crear | Villager (Male) |
| 5:47 | Crear | Villager (Male) |
| 5:57 | Crear | Villager (Male) |
| 6:19 | Construir | Mill |
| 6:50 | Crear | Villager (Male) |
| 6:58 | Construir | Farm |
| 7:26 | Investigar | Loom |
| 7:47 | Construir | House |
| 7:47 | Construir | House |
| 7:55 | Investigar | Feudal Age |
| 8:26 | Construir | Farm |
| 8:41 | Construir | Farm |
| 8:42 | Construir | Farm |
| 9:28 | Construir | Barracks |
| 9:54 | Construir | Farm |
| 10:05 | Crear | Villager (Male) |
| 10:05 | Edad | Edad Feudal |
| 10:14 | Crear | Villager (Male) |
| 10:19 | Construir | Stable |
| 10:36 | Crear | Spearman |
| 10:46 | Crear | Villager (Male) |
| 11:05 | Construir | House |
| 11:08 | Construir | Palisade Wall |
| 11:11 | Crear | Scout Cavalry |
| 11:13 | Crear | Villager (Male) |
| 11:25 | Crear | Scout Cavalry |
| 11:27 | Crear | Villager (Male) |
| 11:30 | Construir | Farm |
| 11:39 | Crear | Spearman |
| 11:43 | Construir | House |
| 11:50 | Construir | House |
| 11:54 | Construir | House |
| 11:56 | Construir | Palisade Wall |
| 12:02 | Crear | Scout Cavalry |
| 12:11 | Crear | Villager (Male) |
| 12:12 | Crear | Scout Cavalry |
| 12:17 | Crear | Villager (Male) |
| 12:45 | Crear | Villager (Male) |
| 12:58 | Crear | Villager (Male) |
| 12:59 | Crear | Scout Cavalry |
| 13:01 | Construir | Farm |
| 13:12 | Construir | Stable |
| 13:14 | Crear | Villager (Male) |
| 13:24 | Crear | Villager (Male) |
| 13:26 | Construir | Farm |
| 13:28 | Construir | Farm |
| 13:31 | Construir | Farm |
| 13:33 | Construir | Farm |
| 13:50 | Construir | Farm |
| 14:00 | Crear | Villager (Male) |
| 14:07 | Crear | Scout Cavalry |
| 14:07 | Crear | Scout Cavalry |
| 14:07 | Crear | Scout Cavalry |
| 14:16 | Construir | House |
| 14:17 | Construir | Palisade Wall |
| 14:32 | Crear | Villager (Male) |
| 14:34 | Crear | Scout Cavalry |
| 14:34 | Crear | Scout Cavalry |
| 14:48 | Crear | Villager (Male) |
| 15:15 | Crear | Villager (Male) |
| 15:17 | Crear | Villager (Male) |
| 15:23 | Construir | Farm |
| 15:23 | Construir | Farm |
| 15:23 | Construir | Farm |
| 15:25 | Construir | Farm |
| 15:26 | Construir | Farm |
| 15:26 | Construir | Farm |
| 15:39 | Construir | House |
| 15:46 | Crear | Villager (Male) |
| 16:01 | Construir | Blacksmith |
| 16:20 | Construir | House |
| 16:30 | Crear | Villager (Male) |
| 16:44 | Crear | Villager (Male) |
| 16:49 | Investigar | Scale Barding Armor |
| 16:51 | Construir | Farm |
| 16:52 | Crear | Villager (Male) |
| 16:54 | Crear | Scout Cavalry |
| 17:19 | Crear | Villager (Male) |
| 17:21 | Construir | House |
| 17:23 | Construir | House |
| 17:27 | Crear | Scout Cavalry |
| 17:27 | Crear | Scout Cavalry |
| 17:33 | Crear | Villager (Male) |
| 17:34 | Crear | Villager (Male) |
| 17:39 | Construir | Farm |
| 17:40 | Construir | Farm |
| 17:41 | Construir | Farm |
| 18:14 | Construir | Market |
| 19:02 | Crear | Villager (Male) |
| 19:16 | Construir | Mining Camp |
| 19:16 | Crear | Villager (Male) |
| 19:16 | Crear | Villager (Male) |
| 19:46 | Crear | Villager (Male) |
| 20:16 | Investigar | Castle Age |
| 20:16 | Investigar | Castle Age |
| 20:26 | Construir | House |
| 20:26 | Construir | House |
| 20:40 | Investigar | Forging |
| 20:48 | Construir | Farm |
| 20:49 | Construir | Farm |
| 20:52 | Construir | Farm |
| 20:55 | Construir | Farm |
| 20:57 | Investigar | Horse Collar |
| 20:58 | Investigar | Horse Collar |
| 21:21 | Investigar | Bloodlines |
| 21:35 | Investigar | Gold Mining |
| 21:43 | Construir | Farm |
| 21:57 | Crear | Villager (Male) |
| 22:43 | Construir | Stable |
| 23:02 | Edad | Edad de los Castillos |
| 23:03 | Crear | Camel Scout |
| 23:03 | Crear | Camel Scout |
| 23:05 | Investigar | Chain Barding Armor |
| 23:05 | Crear | Villager (Male) |
| 23:15 | Crear | Villager (Male) |
| 23:26 | Crear | Villager (Male) |
| 23:28 | Crear | Camel Scout |
| 23:28 | Crear | Camel Scout |
| 23:36 | Crear | Knight |
| 23:36 | Crear | Knight |
| 23:39 | Investigar | Husbandry |
| 23:39 | Investigar | Husbandry |
| 23:41 | Construir | Farm |
| 23:44 | Crear | Knight |
Build order — [SotC] PerezPodrido
Primeras 150 de 414 acciones detectadas
| 0:01 | Crear | Villager (Male) |
| 0:02 | Crear | Villager (Male) |
| 0:02 | Crear | Villager (Male) |
| 0:04 | Construir | House |
| 0:07 | Construir | House |
| 0:09 | Crear | Villager (Male) |
| 1:25 | Crear | Villager (Male) |
| 1:49 | Crear | Villager (Male) |
| 1:50 | Crear | Villager (Male) |
| 1:55 | Construir | Lumber Camp |
| 2:14 | Crear | Villager (Male) |
| 2:46 | Crear | Villager (Male) |
| 3:08 | Crear | Villager (Male) |
| 3:35 | Crear | Villager (Male) |
| 4:02 | Construir | House |
| 4:06 | Crear | Villager (Male) |
| 4:06 | Crear | Villager (Male) ×2 |
| 4:07 | Crear | Villager (Male) |
| 4:30 | Construir | Mill |
| 4:58 | Crear | Villager (Male) ×2 |
| 5:20 | Crear | Villager (Male) ×2 |
| 5:20 | Crear | Villager (Male) |
| 6:06 | Investigar | Loom |
| 6:41 | Investigar | Feudal Age |
| 7:21 | Construir | House |
| 7:55 | Construir | Barracks |
| 8:51 | Crear | Villager (Male) |
| 8:53 | Edad | Edad Feudal |
| 8:58 | Construir | Stable |
| 9:04 | Crear | Villager (Male) |
| 9:05 | Crear | Villager (Male) |
| 9:28 | Investigar | Horse Collar |
| 9:32 | Construir | Palisade Wall |
| 9:35 | Construir | Palisade Wall |
| 9:35 | Crear | Villager (Male) |
| 9:37 | Construir | House |
| 9:47 | Crear | Scout Cavalry |
| 9:47 | Crear | Scout Cavalry |
| 9:48 | Crear | Villager (Male) |
| 9:55 | Construir | Farm |
| 9:56 | Construir | Farm |
| 10:04 | Construir | Farm |
| 10:19 | Construir | Farm |
| 10:21 | Crear | Scout Cavalry |
| 10:28 | Construir | House |
| 10:29 | Construir | Palisade Wall |
| 10:37 | Construir | House |
| 10:39 | Construir | Palisade Wall |
| 10:47 | Crear | Villager (Male) |
| 10:49 | Construir | Farm |
| 11:05 | Crear | Villager (Male) |
| 11:11 | Construir | Farm |
| 11:13 | Construir | Farm |
| 11:21 | Crear | Villager (Male) |
| 11:40 | Construir | Mining Camp |
| 11:50 | Construir | Farm |
| 12:01 | Crear | Villager (Male) |
| 12:03 | Crear | Scout Cavalry |
| 12:07 | Construir | House |
| 12:09 | Construir | House |
| 12:24 | Crear | Villager (Male) |
| 12:32 | Construir | Farm |
| 12:36 | Construir | Farm |
| 12:38 | Crear | Scout Cavalry |
| 12:53 | Construir | Farm |
| 12:56 | Crear | Villager (Male) |
| 13:13 | Crear | Villager (Male) |
| 13:22 | Construir | Farm |
| 13:25 | Construir | Farm |
| 13:30 | Construir | Farm |
| 13:43 | Crear | Villager (Male) |
| 14:02 | Crear | Villager (Male) |
| 14:10 | Construir | Blacksmith |
| 14:17 | Crear | Scout Cavalry |
| 14:37 | Crear | Villager (Male) |
| 14:41 | Construir | Farm |
| 14:55 | Construir | Farm |
| 14:57 | Crear | Villager (Male) |
| 15:08 | Construir | Farm |
| 15:21 | Construir | Farm |
| 15:26 | Crear | Villager (Male) |
| 15:44 | Crear | Villager (Male) |
| 16:01 | Construir | Farm |
| 16:38 | Investigar | Castle Age |
| 16:56 | Construir | Farm |
| 17:18 | Investigar | Scale Barding Armor |
| 17:18 | Investigar | Scale Barding Armor |
| 17:31 | Investigar | Gold Mining |
| 17:31 | Investigar | Gold Mining |
| 17:40 | Construir | Stable |
| 17:44 | Investigar | Bloodlines |
| 17:56 | Construir | Palisade Wall |
| 17:58 | Construir | Palisade Wall |
| 18:08 | Construir | Lumber Camp |
| 18:16 | Crear | Villager (Male) |
| 18:23 | Investigar | Forging |
| 18:28 | Construir | Palisade Wall |
| 18:29 | Construir | Palisade Wall |
| 18:32 | Crear | Spearman |
| 18:52 | Crear | Villager (Male) |
| 19:17 | Construir | Watch Tower |
| 19:18 | Edad | Edad de los Castillos |
| 19:20 | Crear | Knight |
| 19:20 | Crear | Knight |
| 19:25 | Construir | House |
| 19:37 | Crear | Villager (Male) |
| 20:05 | Crear | Knight |
| 20:30 | Crear | Villager (Male) |
| 21:06 | Construir | Palisade Gate |
| 21:09 | Crear | Villager (Male) |
| 21:16 | Construir | Palisade Gate |
| 21:17 | Construir | Palisade Wall |
| 21:22 | Crear | Villager (Male) |
| 21:54 | Crear | Villager (Male) |
| 22:09 | Crear | Knight |
| 22:11 | Investigar | Husbandry |
| 22:12 | Investigar | Husbandry |
| 22:12 | Crear | Villager (Male) |
| 22:32 | Construir | Mining Camp |
| 22:34 | Crear | Knight |
| 22:40 | Crear | Villager (Male) |
| 22:58 | Crear | Knight |
| 23:08 | Crear | Villager (Male) |
| 23:10 | Construir | Farm |
| 23:19 | Construir | Farm |
| 23:20 | Crear | Knight |
| 23:23 | Crear | Villager (Male) |
| 23:40 | Crear | Knight |
| 23:40 | Crear | Knight |
| 23:41 | Crear | Villager (Male) |
| 23:43 | Crear | Villager (Male) |
| 23:54 | Crear | Villager (Male) |
| 24:01 | Crear | Knight |
| 24:03 | Crear | Villager (Male) |
| 24:06 | Construir | House |
| 24:14 | Investigar | Wheelbarrow |
| 24:21 | Construir | Town Center |
| 24:27 | Crear | Knight |
| 24:40 | Construir | House |
| 24:43 | Crear | Villager (Male) |
| 24:47 | Crear | Knight |
| 24:54 | Crear | Knight |
| 25:07 | Crear | Villager (Male) |
| 25:29 | Investigar | Chain Barding Armor |
| 25:29 | Investigar | Chain Barding Armor |
| 25:35 | Construir | House |
| 25:35 | Crear | Villager (Male) |
| 25:46 | Crear | Knight |
| 25:49 | Crear | Knight |
| 25:51 | Crear | Villager (Male) |
Cronología de la partida
| 5:04 | [SotC] Gandalf · wall_segment Palisade Wall x7 |
| 5:16 | [SotC] Gandalf · wall_segment Palisade Wall x5 |
| 5:36 | [SotC] Gandalf · wall_segment Palisade Wall x1 |
| 5:38 | [SotC] Gandalf · wall_segment Palisade Wall x1 |
| 5:43 | [SotC] Gandalf · wall_segment Palisade Wall x3 |
| 6:05 | [SotC] Gandalf · wall_segment Palisade Wall x1 |
| 6:06 | [SotC] Spirit · wall_segment Palisade Wall x4 |
| 6:15 | [SotC] Spirit · wall_segment Palisade Wall x3 |
| 6:19 | [SotC] Spirit · wall_segment Palisade Wall x1 |
| 6:20 | [SotC] Spirit · wall_segment Palisade Wall x2 |
| 6:20 | [SotC] Spirit · wall_segment Palisade Wall x2 |
| 6:20 | [SotC] Spirit · wall_segment Palisade Wall x1 |
| 6:21 | [SotC] Spirit · wall_segment Palisade Wall x2 |
| 6:21 | [SotC] Spirit · wall_segment Palisade Wall x1 |
| 6:21 | [SotC] Spirit · wall_segment Palisade Wall x2 |
| 6:21 | [SotC] Spirit · wall_segment Palisade Wall x1 |
| 6:22 | [SotC] Spirit · wall_segment Palisade Wall x1 |
| 6:49 | [SotC] Spirit · wall_segment Palisade Wall x2 |
| 7:03 | [SotC] Astronomical · first_building Barracks |
| 7:16 | WhiteForest · wall_segment Palisade Wall x1 |
| 7:19 | WhiteForest · wall_segment Palisade Wall x2 |
| 7:21 | WhiteForest · wall_segment Palisade Wall x6 |
| 7:37 | [SotC] Spirit · wall_segment Palisade Wall x1 |
| 7:38 | [SotC] Spirit · wall_segment Palisade Wall x1 |
| 7:51 | RVN_lorecs · first_building Barracks |
| 7:55 | [SotC] PerezPodrido · first_building Barracks |
| 8:01 | [SotC] Astronomical · age_up feudal |
| 8:06 | [SotC] Astronomical · first_building Stable |
| 8:30 | [SotC] Frank Castle · first_building Barracks |
| 8:38 | RVN_lorecs · age_up feudal |
| 8:41 | RVN_lorecs · first_building Archery Range |
| 8:51 | WhiteForest · wall_segment Palisade Wall x3 |
| 8:51 | WhiteForest · wall_segment Palisade Wall x1 |
| 8:53 | [SotC] PerezPodrido · age_up feudal |
| 8:53 | [SotC] Astronomical · wall_segment Palisade Wall x7 |
| 8:58 | [SotC] PerezPodrido · first_building Stable |
| 9:08 | [SotC] Spirit · wall_segment Palisade Wall x2 |
| 9:19 | [SotC] Spirit · wall_segment Palisade Wall x5 |
| 9:28 | [SotC] Klovn · first_building Barracks |
| 9:28 | WhiteForest · wall_segment Palisade Wall x11 |
| 9:32 | [SotC] PerezPodrido · wall_segment Palisade Wall x1 |
| 9:35 | [SotC] PerezPodrido · wall_segment Palisade Wall x2 |
| 10:01 | [SotC] Frank Castle · age_up feudal |
| 10:03 | [SotC] Frank Castle · first_building Archery Range |
| 10:03 | RVN_lorecs · wall_segment Palisade Wall x2 |
| 10:05 | [SotC] Klovn · age_up feudal |
| 10:19 | [SotC] Klovn · first_building Stable |
| 10:29 | [SotC] PerezPodrido · wall_segment Palisade Wall x3 |
| 10:39 | [SotC] PerezPodrido · wall_segment Palisade Wall x5 |
| 10:54 | RVN_lorecs · wall_segment Palisade Wall x6 |
| 11:04 | WhiteForest · age_up feudal |
| 11:08 | [SotC] Klovn · wall_segment Palisade Wall x9 |
| 11:19 | [SotC] Gandalf · wall_segment Palisade Wall x8 |
| 11:56 | [SotC] Klovn · wall_segment Palisade Wall x1 |
| 12:15 | [SotC] Gandalf · first_building Barracks |
| 12:31 | [SotC] Spirit · wall_segment Palisade Wall x3 |
| 12:49 | [SotC] Spirit · wall_segment Palisade Wall x5 |
| 12:55 | [SotC] Spirit · wall_segment Palisade Wall x3 |
| 13:07 | [SotC] Gandalf · age_up feudal |
| 13:09 | RVN_lorecs · wall_segment Palisade Wall x8 |
| 13:32 | [SotC] Spirit · wall_segment Palisade Wall x4 |
| 13:32 | [SotC] Gandalf · first_building Archery Range |
| 13:36 | [SotC] Spirit · wall_segment Palisade Wall x5 |
| 14:09 | [SotC] Spirit · wall_segment Palisade Wall x1 |
| 14:17 | [SotC] Klovn · wall_segment Palisade Wall x4 |
| 14:40 | WhiteForest · wall_segment Palisade Wall x1 |
| 14:48 | WhiteForest · age_up castle |
| 14:50 | WhiteForest · first_building Siege Workshop |
| 16:04 | [SotC] Spirit · age_up feudal |
| 16:39 | WhiteForest · first_building Castle |
| 17:02 | [SotC] Spirit · first_market_sell 100 wood |
| 17:24 | [SotC] Spirit · wall_segment Palisade Wall x3 |
| 17:25 | WhiteForest · first_market_sell 100 stone |
| 17:27 | [SotC] Spirit · wall_segment Palisade Wall x3 |
| 17:27 | WhiteForest · first_market_buy 100 food |
| 17:48 | [SotC] Spirit · wall_segment Palisade Wall x1 |
| 17:50 | [SotC] Spirit · wall_segment Palisade Wall x1 |
| 17:51 | [SotC] Spirit · wall_segment Palisade Wall x1 |
| 17:56 | [SotC] PerezPodrido · wall_segment Palisade Wall x4 |
| 17:58 | [SotC] Spirit · wall_segment Palisade Wall x1 |
| 17:58 | [SotC] PerezPodrido · wall_segment Palisade Wall x3 |
| 18:20 | [SotC] Astronomical · first_market_buy 100 food |
| 18:27 | [SotC] Spirit · first_building Barracks |
| 18:28 | [SotC] PerezPodrido · wall_segment Palisade Wall x1 |
| 18:29 | [SotC] PerezPodrido · wall_segment Palisade Wall x1 |
| 18:38 | RVN_lorecs · wall_segment Palisade Wall x1 |
| 18:40 | [SotC] Astronomical · first_market_sell 100 wood |
| 19:09 | [SotC] Spirit · first_building Stable |
| 19:18 | [SotC] PerezPodrido · age_up castle |
| 19:43 | [SotC] Spirit · age_up castle |
| 19:52 | RVN_lorecs · wall_segment Stone Wall x4 |
| 20:08 | [SotC] Klovn · first_market_sell 100 wood |
| 20:24 | [SotC] Astronomical · age_up castle |
| 20:42 | [SotC] Spirit · wall_segment Palisade Wall x1 |
| 21:17 | [SotC] PerezPodrido · wall_segment Palisade Wall x2 |
| 22:02 | [SotC] Frank Castle · age_up castle |
| 22:35 | [SotC] Gandalf · wall_segment Stone Wall x2 |
| 22:36 | RVN_lorecs · age_up castle |
| 22:36 | [SotC] Gandalf · wall_segment Stone Wall x3 |
| 23:02 | [SotC] Klovn · age_up castle |
| 23:31 | RVN_lorecs · first_building Castle |
| 23:38 | [SotC] Gandalf · age_up castle |
| 24:04 | [SotC] Astronomical · first_building Monastery |
| 24:24 | WhiteForest · first_building Barracks |
| 25:00 | RVN_lorecs · first_market_buy 100 food |
| 25:18 | [SotC] Klovn · first_building Monastery |
| 25:30 | WhiteForest · first_building Archery Range |
| 26:57 | [SotC] Gandalf · first_building Castle |
| 27:24 | RVN_lorecs · first_building Siege Workshop |
| 28:01 | [SotC] Frank Castle · wall_segment Palisade Wall x1 |
| 28:11 | [SotC] Gandalf · first_market_sell 100 food |
| 30:31 | [SotC] Frank Castle · first_building Stable |
| 31:42 | [SotC] Klovn · first_building Siege Workshop |
| 32:23 | [SotC] Klovn · first_market_buy 100 wood |
| 33:16 | [SotC] Spirit · first_market_buy 100 stone |
| 33:37 | [SotC] Spirit · first_building Castle |
| 33:41 | [SotC] PerezPodrido · first_building Monastery |
| 34:39 | [SotC] Astronomical · first_building Castle |
| 35:14 | [SotC] Frank Castle · first_building Castle |
| 35:31 | [SotC] Astronomical · age_up imperial |
| 35:36 | [SotC] Spirit · wall_segment Stone Wall x1 |
| 35:37 | [SotC] Spirit · wall_segment Stone Wall x1 |
| 36:10 | [SotC] PerezPodrido · first_market_buy 100 food |
| 37:05 | [SotC] PerezPodrido · first_building Castle |
| 38:02 | [SotC] PerezPodrido · first_market_sell 500 wood |
| 38:09 | [SotC] Frank Castle · first_building Monastery |
| 39:02 | [SotC] Frank Castle · first_market_sell 500 wood |
| 39:14 | [SotC] Spirit · age_up imperial |
| 39:19 | [SotC] Frank Castle · first_building Siege Workshop |
| 39:24 | [SotC] Gandalf · age_up imperial |
| 40:16 | [SotC] Klovn · first_building Castle |
| 40:52 | [SotC] Astronomical · tribute_sent a jugador 1 |
| 40:52 | [SotC] Astronomical · tribute_sent a jugador 3 |
| 40:52 | [SotC] Astronomical · tribute_sent a jugador 4 |
| 40:52 | [SotC] Astronomical · tribute_sent a jugador 5 |
| 40:52 | [SotC] Astronomical · tribute_sent a jugador 6 |
| 40:52 | [SotC] Astronomical · tribute_sent a jugador 7 |
| 40:52 | [SotC] Astronomical · tribute_sent a jugador 8 |
| 41:23 | [SotC] PerezPodrido · age_up imperial |
| 41:49 | [SotC] Astronomical · tribute_sent a jugador 1 |
| 41:49 | [SotC] Astronomical · tribute_sent a jugador 3 |
| 41:49 | [SotC] Astronomical · tribute_sent a jugador 4 |
| 41:49 | [SotC] Astronomical · tribute_sent a jugador 5 |
| 41:49 | [SotC] Astronomical · tribute_sent a jugador 6 |
| 41:49 | [SotC] Astronomical · tribute_sent a jugador 7 |
| 41:49 | [SotC] Astronomical · tribute_sent a jugador 8 |
| 42:01 | RVN_lorecs · resign |
[ ANÁLISIS IA · 1 CRÉDITO ]
¿Qué pasó realmente en esta partida?
Wolo.gg analiza cada decisión: build order, eco, micro, errores típicos por bracket. Análisis personalizado por WhatsApp o Discord en 30 segundos.
Guía civ
Malíes
Perfil
Jugador #3105845